 Dungeon Crawl Stone Soup version 0.25-a0-156-g0c4bda3fdf (webtiles) character file.

Game seed: 10811930598907177956, levelgen mode: deterministic

9627 vurker the Cleaver (level 11, -15/90 HPs)
             Began as a Formicid Abyssal Knight on Nov 20, 2019.
             Was an Elder of Lugonu.
             Demolished by a vault guard
             ... wielding a +0 great sword
              (23 damage)
             ... on level 13 of the Dungeon.
             The game lasted 00:28:49 (18877 turns).

vurker the Cleaver (Formicid Abyssal Knight)       Turns: 18877, Time: 00:28:50

Health: -15/90     AC: 10    Str: 24    XL:     11   Next: 77%
Magic:  6/18       EV: 10    Int: 12    God:    Lugonu [****..]
Gold:   675        SH:  0    Dex: 10    Spells: 10/10 levels left

rFire    . . .     SeeInvis +   D - +0 war axe
rCold    . . .     Gourm    .   (no shield)
rNeg     + . .     Faith    .   y - +2 scale mail {rN+}
rPois    .         Spirit   .   (helmet unavailable)
rElec    .         Reflect  .   h - +0 cloak
rCorr    .         Harm     .   (no gloves)
MR       +....                  p - +0 pair of boots
Stlth    ..........             (no amulet)
HPRegen  0.25/turn              l - +2 ring of strength
MPRegen  0.16/turn              q - +2 ring of strength

@: no status effects
A: permanent stasis, dig shafts and tunnels, four strong arms, antennae 3
a: Dig, Shaft Self, Depart the Abyss, Bend Space, Banish, Corrupt, Renounce
Religion


You were on level 13 of the Dungeon.
You worshipped Lugonu.
Lugonu was greatly pleased with you.
You were hungry.

You visited 1 branch of the dungeon, and saw 14 of its levels.
You visited the Abyss 1 time.
You also visited: Ossuary.

You collected 675 gold pieces.

Inventory:

Hand Weapons
 D - a +0 war axe (weapon)
   (You took it off an orc on level 9 of the Dungeon)
Missiles
 m - a throwing net (quivered)
Armour
 h - a +0 cloak (worn)
   (You took it off Crazy Yiuf on level 6 of the Dungeon)
 p - a +0 pair of boots (worn)
   (You found it on level 2 of the Dungeon)
 y - a +2 scale mail of positive energy (worn)
   (You took it off Terence on level 3 of the Dungeon)
 C - a +0 plate armour
   (You found it on level 4 of the Dungeon)
Jewellery
 l - a +2 ring of strength (left hand)
   (You found it on level 1 of the Dungeon)
 q - a +2 ring of strength (right hand)
   (You found it on level 2 of the Dungeon)
Wands
 c - a wand of disintegration (15)
   (You found it on level 4 of the Dungeon)
 d - a wand of iceblast (9)
   (You found it on level 9 of the Dungeon)
 t - a wand of flame (50)
   (You took it off Grum on level 8 of the Dungeon)
 v - a wand of digging (5)
   (You found it on level 7 of the Dungeon)
Scrolls
 a - a scroll of immolation
 k - a scroll of fog
 r - 2 scrolls of identify
 w - 2 scrolls of magic mapping
 E - 2 scrolls of remove curse
Potions
 f - a potion of curing
 g - 4 potions of mutation
 i - 3 potions of heal wounds
 j - 4 potions of cancellation
 n - 3 potions of lignification
 o - 3 potions of flight
 s - a potion of might
 u - 3 potions of resistance
 x - a potion of agility
 A - 2 potions of brilliance
 B - 2 potions of ambrosia
Comestibles
 e - 12 rations


   Skills:
 + Level 10.1 Fighting
 * Level 12.2 Axes
 - Level 2.1 Armour
 - Level 0.8 Dodging
 + Level 10.5 Invocations
 + Level 3.3 Evocations


You had 10 spell levels left.
You didn't know any spells.
Your spell library contained the following spells:

 Spells                   Type           Power        Failure   Level  Hunger
 Magic Dart               Conj           #...         63%         1    ##.....
 Call Imp                 Summ           #.......     77%         2    ###....
 Searing Ray              Conj           #.....       77%         2    ###....
 Slow                     Hex            #.......     77%         2    ###....
 Conjure Flame            Conj/Fire      #.......     94%         3    ####...
 Dazzling Spray           Conj/Hex       #.....       94%         3    ####...
 Mephitic Cloud           Conj/Pois/Air  #.......     94%         3    ####...
 Force Lance              Conj/Tloc      #.......     100%        4    #####..
 Fulminant Prism          Conj/Hex       #.........   100%        4    #####..
 Iskenderun's Mystic Bla  Conj           #.......     100%        4    #####..
 Blink                    Tloc           Unusable     N/A         2    N/A

Dungeon Overview and Level Annotations

Branches:
Dungeon (14/15)            Temple (0/1) D:4             Orc (0/2) D:9
Ossuary (visited)
   Lair: D:8-11      Vaults: D:13-14

Altars:
Cheibriados
Elyvilon
Fedhas
Gozag
Nemelex Xobeh
Okawaru
Ru
Beogh

Annotations:
D:4 1 runed translucent door, Lanoc's ghost, amateur HaCK
Abyss:1 Menkaure


Innate Abilities, Weirdness & Mutations

You cannot be hasted, slowed, berserked, paralysed or teleported.
You can dig through walls and to a lower floor.
Your four strong arms can wield two-handed weapons with a shield.
You have a pair of large antennae on your head. (SInv)


Message History

There is a stone staircase leading down here.
Here: a vault guard, wielding a +1 battleaxe and wearing a +0 chain mail The floor.
Aim: a vault guard, wielding a +1 battleaxe and wearing a +0 chain mail (chance to defeat MR: 58%)
Okay, then.
Unknown command.
Unknown command.
Unknown command.
Unknown command.
There is an open door here. 2 slime creatures come into view.
The slime creature quivers. x2
You see here 2 curare-tipped darts.
The slime creature hits you.
* * * LOW HITPOINT WARNING * * *
Two slime creatures merge to form a large slime creature.
A slime creature comes into view.
A vault guard comes into view. It is wielding a +0 great sword.
The vault guard shouts!
You hear a shout!
The vault guard hits you but does no damage.
Found a potion of degeneration.
An orc comes into view. It is wielding a +0 dagger.
The orc shouts!
You hear a shout!
Found a scroll labeled QUCZOT VUEFRIY.
The vault guard hits you with a +0 great sword.
* * * LOW HITPOINT WARNING * * *
A cyclops comes into view.
The cyclops throws a large rock.
The large rock hits you!
* * * LOW HITPOINT WARNING * * *
You see here a large rock.
The vault guard hits you with a +0 great sword!
* * * LOW HITPOINT WARNING * * *
Found a scroll of remove curse.
Okay, then.
You feel much better.
The vault guard hits you with a +0 great sword!!
* * * LOW HITPOINT WARNING * * *
Aim: a vault guard, wielding a +0 great sword and wearing a +0 plate armour (chance to defeat MR: 58%)
The vault guard resists with significant effort.
You feel quite a bit more hungry.
Aim: a vault guard, wielding a +0 great sword and wearing a +0 plate armour (chance to defeat MR: 58%)
The vault guard resists with significant effort.
You feel somewhat more hungry.
The vault guard hits you with a +0 great sword.
* * * LOW HITPOINT WARNING * * *
Aim: a vault guard, wielding a +0 great sword and wearing a +0 plate armour (chance to defeat MR: 58%)
The vault guard resists with significant effort.
You are feeling hungry.
The vault guard hits you with a +0 great sword!!
You die...

........#...........#
.#....#p#..####.#.###
#...{#{#..# #.#.#
.######p#..#### #.#
....?...#..... #.#
.######p#..######.#
..................#
..#####.##o#############
{..........ppp@.......
####.##.#############
####.####### #.......#
#<#####.# #.# #.# #.#
#.#


You could see 3 vault guards and an orc.

Vanquished Creatures
  A vault guard (D:13)
  2 polar bears (D:8)
  Sigmund (D:2)
  2 wyverns
  A yak (D:7)
  Grum (D:8)
  Eustachio (D:5)
  A steam dragon (D:9)
  Duvessa (D:6)
  4 orc warriors (D:9)
  3 ice beasts
  2 sky beasts
  3 phantoms
  An eye of draining (D:7)
  A necrophage (D:7)
  5 ogres
  7 centaurs
  4 wolves (D:8)
  A big kobold (D:8)
  4 bullfrogs
  3 wyvern zombies
  Dowan (D:6)
  A wyvern skeleton (D:6)
  11 scorpions
  8 wights
  An electric eel (D:8)
  2 howler monkeys
  6 crimson imps
  2 centaur zombies
  6 hounds
  3 bullfrog skeletons
  3 human zombies (Ossuary)
  10 orc priests
  Crazy Yiuf (D:6)
  4 jellies
  3 iguanas
  Terence (D:3)
  12 orc wizards
  8 worker ants
  A killer bee zombie (D:9)
  3 big kobold zombies (Ossuary)
  A centaur simulacrum (D:8)
  A hound zombie (D:9)
  3 mummies (Ossuary)
  2 hound skeletons (D:10)
  A killer bee simulacrum (D:8)
  3 gnolls (D:6)
  2 worker ant zombies
  9 adders
  6 scorpion zombies (Ossuary)
  2 shadow imps
  4 white imps
  3 ufetubi (D:8)
  An ooze (D:1)
  An adder skeleton (D:6)
  An adder zombie (D:4)
  A worm (D:4)
  2 dart slugs
  3 leopard geckos
  84 orcs
  2 ball pythons
  10 bats
  5 giant cockroaches
  A gnoll zombie (Ossuary)
  6 hobgoblins
  14 jackals
  10 quokkas
  12 frilled lizards
  6 goblins
  6 goblin zombies (Ossuary)
  A hobgoblin zombie (Ossuary)
  A jackal simulacrum (D:8)
  4 kobolds
  A kobold zombie (Ossuary)
  A leopard gecko skeleton (D:7)
  A quokka simulacrum (D:8)
  A quokka zombie (D:5)
  4 rats
352 creatures vanquished.

Vanquished Creatures (others)
  2 trolls (D:9)
  A slime creature (D:13)
  A yak (D:7)
  5 orc warriors
  An ogre (D:4)
  A kobold zombie (Ossuary)
  2 withered plants (D:4)
13 creatures vanquished.

Grand Total: 365 creatures vanquished

Notes
Turn   | Place    | Note
-------+----------+-------------------------------------------
     0 | Abyss:1  | vurker the Formicid Abyssal Knight began the quest for the
                  | Orb.
     0 | Abyss:1  | Reached XP level 1. HP: 18/18 MP: 2/2
     9 | D:1      | Escaped the Abyss
   247 | D:1      | Reached XP level 2. HP: 11/24 MP: 3/3
   742 | D:1      | Reached XP level 3. HP: 25/29 MP: 4/4
  1402 | D:2      | Reached ** piety under Lugonu
  1406 | D:2      | Noticed Sigmund
  1453 | D:2      | Killed Sigmund
  1453 | D:2      | Reached skill level 4 in Axes
  1453 | D:2      | Reached XP level 4. HP: 38/38 MP: 6/6
  1453 | D:2      | Reached XP level 5. HP: 43/43 MP: 7/7
  1453 | D:2      | Reached XP level 6. HP: 49/49 MP: 8/8
  1634 | D:2      | Found a blossoming altar of Fedhas.
  2176 | D:3      | Found a sacrificial altar of Ru.
  2186 | D:3      | Found a white marble altar of Elyvilon.
  2276 | D:3      | Noticed Terence
  2289 | D:3      | Killed Terence
  3163 | D:4      | Reached skill level 5 in Axes
  3331 | D:4      | Reached XP level 7. HP: 44/55 MP: 10/10
  3413 | D:4      | Found a sand-covered staircase.
  3421 | Ossuary  | Entered an ossuary
  3444 | Ossuary  | Reached skill level 5 in Fighting
  3527 | Ossuary  | Reached *** piety under Lugonu
  3671 | Ossuary  | Reached skill level 5 in Invocations
  3692 | Ossuary  | Reached skill level 6 in Axes
  3955 | Ossuary  | Reached XP level 8. HP: 51/63 MP: 11/11
  4965 | D:4      | Found a staircase to the Ecumenical Temple.
  5177 | D:4      | Found a runed translucent door.
  5177 | D:4      | Noticed Lanoc's ghost (amateur HaCK)
  5191 | D:4      | Reached skill level 7 in Axes
  5327 | D:4      | Found a snail-covered altar of Cheibriados.
  6052 | D:5      | Entered Level 5 of the Dungeon
  6332 | D:5      | Noticed Eustachio
  6366 | D:5      | Killed Eustachio
  6366 | D:5      | Reached XP level 9. HP: 27/71 MP: 13/13
  6715 | D:5      | Reached skill level 8 in Axes
  6791 | D:5      | Reached **** piety under Lugonu
  6798 | D:5      | Noticed Menkaure
  6837 | D:5      | Banished Menkaure
  8040 | D:6      | Reached skill level 9 in Axes
  8057 | D:6      | Got a polished rapier
  8061 | D:6      | Identified the cursed +1 rapier "Fiolowna" {freeze, MR+}
                  | (You found it on level 6 of the Dungeon)
  8156 | D:6      | Noticed Dowan
  8730 | D:6      | Reached XP level 10. HP: 80/80 MP: 16/16
  8793 | D:6      | Found a runed translucent door.
  8794 | D:6      | Noticed Crazy Yiuf
  8997 | D:6      | Found a sparkling altar of Nemelex Xobeh.
  9052 | D:6      | Noticed Duvessa
  9079 | D:6      | Killed Duvessa
  9098 | D:6      | Killed Dowan
  9101 | D:6      | Reached skill level 10 in Axes
  9711 | D:6      | Killed Crazy Yiuf
 10311 | D:7      | Found an opulent altar of Gozag.
 11719 | D:8      | Noticed Grum
 12268 | D:8      | Killed Grum
 12268 | D:8      | Reached skill level 11 in Axes
 12626 | D:8      | Got a steaming leather armour
 12627 | D:8      | Identified the +3 leather armour of Don Onyi {rN+++} (You
                  | found it on level 8 of the Dungeon)
 12699 | D:8      | Reached XP level 11. HP: 23/89 MP: 18/18
 15058 | D:9      | Reached skill level 1 in Evocations
 15082 | D:9      | Reached skill level 10 in Invocations
 15867 | D:9      | Found an iron altar of Okawaru.
 15867 | D:9      | Found a roughly hewn altar of Beogh.
 16246 | D:9      | Reached ***** piety under Lugonu
 16366 | D:9      | Found a staircase to the Orcish Mines.
 16734 | D:9      | Reached skill level 12 in Axes
 17491 | D:10     | Entered Level 10 of the Dungeon
 18036 | D:10     | Reached skill level 10 in Fighting
 18296 | D:11     | You fall into a shaft and drop 3 floors!
 18296 | D:14     | Noticed a cyclops
 18369 | D:12     | Noticed a deep elf mage
 18375 | D:12     | Noticed a manticore
 18379 | D:12     | You fall into a shaft and drop 1 floor!
 18754 | D:13     | Noticed a vault guard
 18754 | D:13     | Noticed a vault guard
 18754 | D:13     | Noticed a vault guard
 18754 | D:13     | Noticed a vault guard
 18770 | D:13     | Noticed a vault guard
 18788 | D:13     | Killed a vault guard
 18803 | D:13     | Noticed a vault guard
 18843 | D:13     | Noticed a vault guard
 18856 | D:13     | Noticed a cyclops
 18877 | D:13     | Demolished by a vault guard

Levels and vault maps discovered:
D:1:      sevenhm_arrival_forest_fort_large_2, layout_basic
D:2:      layout_rooms, fedhas_altar_2, uniq_sigmund
D:3:      minmay_evil_eye, layout_loops_corners,
          amethyst_overflow_temple_binary, uniq_terence
D:4:      layout_gridville, cheibriados_altar_1, minmay_temple_entry_mini_moons,
          first_ration, serial_forest, infiniplex_forest_corner_2,
          infiniplex_forest_zigzag_2, infiniplex_forest_clump_small,
          infiniplex_forest_zigzag_1, infiniplex_forest_lined_room_3,
          infiniplex_forest_lined_3_way, gammafunk_ghost_grave,
          nicolae_ossuary_entry_plus
D:5:      layout_gridville, grunt_tough_drop, uniq_menkaure, uniq_eustachio
D:6:      layout_rooms, nemelex_xobeh_ov_fountains_minmay,
          uniq_crazy_yiuf_cottage, uniq_duvessa
D:7:      minmay_razor_zed, layout_loops_corners, basic_altar
D:8:      layout_basic, serial_ice, serial_ice_o, serial_ice_c, serial_ice_f,
          serial_ice_l, serial_ice_m, blue_anna_alchemist
          [blue_anna_fruit_fields, blue_anna_fruit_fields], uniq_grum
D:9:      layout_loops_ring, okawaru_trees_2, hiddenorc2_lemuel, special_room
          [special_room_orc]
D:10:     layout_loops_corners, kennysheep_generic_room_14
D:11:     old_forge, layout_long_grid, minmay_lair_entry_grove
D:12:     layout_basic, elves_outpost_lemuel
D:13:     layout_basic, erik_vaults_2, enter_bailey_2, uniq_azrael,
          uniq_frances, uniq_erolcha
D:14:     layout_gridville, grunt_ministairs_7

Skill      XL: |  1  2  3  4  5  6  7  8  9 10 11 |
---------------+----------------------------------+-----
Fighting       | 4 5 6 7 9 10 | 10.1
Axes           | 4 5 6 7 9 11 12 | 12.2
Invocations    | 3 4 5 6 8 9 10 | 10.5
Evocations     | 3 |  3.3
Armour         | |  2.1
Dodging        | |  0.8

Action                   |  1- 3 |  4- 6 |  7- 9 | 10-12 || total
-------------------------+-------+-------+-------+-------++-------
Melee: Hand axe          |    71 |   159 |   479 |   719 ||  1428
       War axe           |       |       |       |   126 ||   126
Throw: Dart              |     1 |     2 |     4 |    10 ||    17
       Throwing net      |     1 |       |       |     1 ||     2
Invok: Banish            |       |       |     3 |    13 ||    16
 Abil: Dig               |       |       |       |     3 ||     3
       Shaft Self        |       |       |       |     1 ||     1
Evoke: Wand              |       |       |     3 |    11 ||    14
  Use: Scroll            |       |       |    17 |     9 ||    26
       Potion            |       |       |     2 |     1 ||     3
 Stab: Held in net/web   |       |       |       |     2 ||     2
  Eat: Chunk             |     2 |     4 |    10 |    13 ||    29
       Ration            |       |     1 |     2 |     7 ||    10
Armor: Leather armour    |     9 |       |       |       ||     9
       Chain mail        |    25 |    78 |    96 |       ||   199
       Scale mail        |       |       |   155 |   311 ||   466
Dodge: Dodged            |    27 |    68 |   216 |   379 ||   690

Table legend:
 A = Non-vault XP
 B = Vault XP
 C = Vault XP percentage of total XP
 D = Non-vault monster count
 E = Vault monster count
 F = Vault count percentage of total count
                 A         B        C        D         E       F
            +---------+---------+-------+---------+---------+-------
      Total |    7363 |    6391 |  46.5 |     228 |     135 |  37.2
            +---------+---------+-------+---------+---------+-------
        D:1 |      38 |       0 |   0.0 |      21 |       0 |   0.0
        D:2 |      32 |     223 |  87.5 |      19 |       1 |   5.0
        D:3 |     126 |      44 |  25.9 |      23 |       5 |  17.9
        D:4 |     345 |       0 |   0.0 |      22 |       0 |   0.0
        D:5 |    1336 |     504 |  27.4 |      35 |       5 |  12.5
        D:6 |     982 |     271 |  21.6 |      26 |       3 |  10.3
        D:7 |     828 |     810 |  49.5 |      26 |      13 |  33.3
        D:8 |    1191 |    1581 |  57.0 |      25 |      20 |  44.4
        D:9 |    1630 |    1157 |  41.5 |      19 |      55 |  74.3
       D:10 |     476 |       0 |   0.0 |       8 |       0 |   0.0
       D:13 |     379 |     963 |  71.8 |       4 |       1 |  20.0
    Ossuary |       0 |     838 | 100.0 |       0 |      32 | 100.0
            +---------+---------+-------+---------+---------+-------
